TOP OF THE 1ST |
London Majors batting - Pitching for Chester Pirates : RHP Mike Wilkinson
|
Pitching: RHP Mike Wilkinson
|
|
Batting: LHB Nate Greening
|
0-0: Ball 1-0: Foul Ball, location: 2F 1-1: Ball 2-1: Ball 3-1: Base on Balls
|
Batting: LHB Ron de Vos
|
0-0: Ball Nate Greening steals 2nd base (no throw) 1-0: Swinging Strike 1-1: Swinging Strike 1-2: Ball 2-2: Ball Wild Pitch! Nate Greening to third 3-2: Strikes out swinging
|
Batting: RHB Mark Noftall
|
0-0: Foul Ball, location: 2F 0-1: Ball 1-1: Called Strike 1-2: Fly out, F9 (Flyball, 9D, EV 86.2 MPH) Runner from 3rd tags up, SCORES, throw by RF
|
Batting: RHB Akira Kubo
|
0-0: Called Strike 0-1: Ball 1-1: Ball 2-1: Reached on error, E6 (Groundball, 6, EV 93.8 MPH)
|
Batting: RHB Brandon Williams
|
0-0: Ball 1-0: Ball 2-0: Ball 3-0: Called Strike 3-1: Called Strike 3-2: Foul Ball, location: 2F 3-2: Fly out, F9 (Flyball, 9D, EV 84.4 MPH)
|
Top of the 1st over - 1 run, 0 hits, 1 error, 1 left on base; London 1 - Chester 0 |
BOTTOM OF THE 1ST |
Chester Pirates batting - Pitching for London Majors : LHP Antoine Herndon
|
Pitching: LHP Antoine Herndon
|
|
Batting: RHB Erik Mulligan
|
0-0: Foul Ball, location: 2F 0-1: Ball 1-1: Foul Ball, location: 2F 1-2: Foul Ball, location: 2F 1-2: Ball 2-2: Foul Ball, location: 2F 2-2: Ball 3-2: Ground out U3 (Groundball, 3, EV 85.6 MPH)
|
Batting: RHB Rafael Galicia
|
0-0: Ball 1-0: Fly out, F6 (Popup, P, EV 74.4 MPH)
|
Batting: RHB Ricky Alvarado
|
0-0: Fly out, F7 (Line Drive, 7LM, EV 111.2 MPH)
|
Bottom of the 1st over - 0 runs, 0 hits, 0 errors, 0 left on base; London 1 - Chester 0 |
TOP OF THE 2ND |
London Majors batting - Pitching for Chester Pirates : RHP Mike Wilkinson
|
Batting: RHB Carlos Murillo
|
0-0: Ball 1-0: Called Strike 1-1: Ball 2-1: Swinging Strike 2-2: Foul Ball, location: 2F 2-2: Strikes out swinging
|
Batting: RHB Lao-che Zhu
|
0-0: Ball 1-0: Ground out U3 (Groundball, 34, EV 101.9 MPH)
|
Batting: RHB Jorge Alva
|
0-0: Called Strike 0-1: Ball 1-1: Ball 2-1: Called Strike 2-2: Foul Ball, location: 2F 2-2: Foul Ball, location: 2F 2-2: Ball 3-2: Strikes out swinging
|
Top of the 2nd over - 0 runs, 0 hits, 0 errors, 0 left on base; London 1 - Chester 0 |
BOTTOM OF THE 2ND |
Chester Pirates batting - Pitching for London Majors : LHP Antoine Herndon
|
Batting: RHB Hector Barajas
|
0-0: Foul Ball, location: 2F 0-1: Foul Ball, location: 2F 0-2: Foul Ball, location: 2F 0-2: Ball 1-2: Strikes out swinging
|
Batting: LHB Kazuyoshi Ikeda
|
0-0: Ball 1-0: Ball 2-0: Swinging Strike 2-1: Called Strike 2-2: Foul Ball, location: 2F 2-2: Strikes out swinging
|
Batting: RHB Matt Derrien
|
0-0: Called Strike 0-1: Called Strike 0-2: Strikes out swinging
|
Bottom of the 2nd over - 0 runs, 0 hits, 0 errors, 0 left on base; London 1 - Chester 0 |
TOP OF THE 3RD |
London Majors batting - Pitching for Chester Pirates : RHP Mike Wilkinson
|
Batting: RHB Benedikt Fleischmann
|
0-0: Ball 1-0: Called Strike 1-1: Foul Ball, location: 2F 1-2: Fly out, F9 (Flyball, 89M, EV 85.0 MPH)
|
Batting: LHB Nate Greening
|
0-0: Foul Ball, location: 2F 0-1: Ball 1-1: Foul Ball, location: 2F 1-2: Strikes out swinging
|
Batting: LHB Ron de Vos
|
0-0: Ball 1-0: Ball 2-0: Foul Ball, location: 2F 2-1: Ground out 4-3 (Groundball, 34, EV 103.1 MPH)
|
Top of the 3rd over - 0 runs, 0 hits, 0 errors, 0 left on base; London 1 - Chester 0 |
BOTTOM OF THE 3RD |
Chester Pirates batting - Pitching for London Majors : LHP Antoine Herndon
|
Batting: LHB Damien Cohen
|
0-0: SOLO HOME RUN (Flyball, 89XD, EV 116.2 MPH), Distance : 441 ft
|
Batting: RHB Hidesuke Yoshida
|
0-0: Foul Ball, location: 2F 0-1: Ball 1-1: Swinging Strike 1-2: Ground out 5-3 (Groundball, 5S, EV 72.5 MPH)
|
Batting: RHB Ryan LeSueur
|
0-0: Ball 1-0: Fly out, F9 (Flyball, 89S, EV 87.5 MPH)
|
Batting: RHB Erik Mulligan
|
0-0: Foul Ball, location: 2F 0-1: Ball 1-1: Ground out 6-3 (Groundball, 6, EV 82.5 MPH)
|
Bottom of the 3rd over - 1 run, 1 hit, 0 errors, 0 left on base; London 1 - Chester 1 |
TOP OF THE 4TH |
London Majors batting - Pitching for Chester Pirates : RHP Mike Wilkinson
|
Batting: RHB Mark Noftall
|
0-0: Ball 1-0: Ball 2-0: Ball 3-0: Base on Balls
|
Pitching: LHP Adam Clarke
|
|
Batting: RHB Akira Kubo
|
0-0: Fly out, F8 (Flyball, 8RXD, EV 94.4 MPH)
|
Batting: RHB Brandon Williams
|
0-0: Ball 1-0: Called Strike 1-1: Swinging Strike 1-2: Ball 2-2: Ball 3-2: Base on Balls Mark Noftall to second
|
Batting: RHB Carlos Murillo
|
0-0: Called Strike 0-1: Ball 1-1: Called Strike 1-2: Fly out, F8 (Flyball, 78XD, EV 97.5 MPH) Runner from 2nd tags up, SAFE at 3rd, no throw by CF
|
Pinch Hitting: RHB Manny Elizondo
|
0-0: Ball 1-0: Called Strike 1-1: Foul Ball, location: 2F 1-2: Ball 2-2: Ball 3-2: Foul Ball, location: 2F 3-2: Ground out 6-3 (Groundball, 6, EV 85.6 MPH)
|
Top of the 4th over - 0 runs, 0 hits, 0 errors, 2 left on base; London 1 - Chester 1 |
BOTTOM OF THE 4TH |
Chester Pirates batting - Pitching for London Majors : LHP Antoine Herndon
|
Now at 3B: Carlos Murillo
|
|
Now at SS: Hanley Hernandez
|
|
Batting: RHB Rafael Galicia
|
0-0: Ball 1-0: Fly out, F8 (Flyball, 89D, EV 100.0 MPH)
|
Batting: RHB Ricky Alvarado
|
0-0: Called Strike 0-1: Ball 1-1: Called Strike 1-2: Strikes out swinging
|
Batting: RHB Hector Barajas
|
0-0: Ball 1-0: Ball 2-0: Called Strike 2-1: Foul Ball, location: 2F 2-2: Strikes out swinging
|
Bottom of the 4th over - 0 runs, 0 hits, 0 errors, 0 left on base; London 1 - Chester 1 |
TOP OF THE 5TH |
London Majors batting - Pitching for Chester Pirates : LHP Adam Clarke
|
Batting: RHB Jorge Alva
|
0-0: Ball 1-0: Fly out, F8 (Flyball, 78D, EV 95.0 MPH)
|
Batting: RHB Benedikt Fleischmann
|
0-0: Swinging Strike 0-1: Ball 1-1: Ball 2-1: Foul Ball, location: 2F 2-2: Ground out 5-3 (Groundball, 56, EV 105.0 MPH)
|
Batting: LHB Nate Greening
|
0-0: Swinging Strike 0-1: Called Strike 0-2: Ball 1-2: Strikes out looking
|
Top of the 5th over - 0 runs, 0 hits, 0 errors, 0 left on base; London 1 - Chester 1 |
BOTTOM OF THE 5TH |
Chester Pirates batting - Pitching for London Majors : LHP Antoine Herndon
|
Batting: LHB Kazuyoshi Ikeda
|
0-0: Swinging Strike 0-1: Swinging Strike 0-2: Strikes out swinging
|
Batting: RHB Matt Derrien
|
0-0: Foul Ball, location: 2F 0-1: Ball 1-1: Ball 2-1: Called Strike 2-2: Foul Ball, location: 2F 2-2: Foul Ball, location: 2F 2-2: Ball 3-2: Foul Ball, location: 2F 3-2: Strikes out swinging
|
Batting: LHB Damien Cohen
|
0-0: Ball 1-0: Foul Ball, location: 2F 1-1: Ball 2-1: Called Strike 2-2: Ball 3-2: Strikes out looking
|
Bottom of the 5th over - 0 runs, 0 hits, 0 errors, 0 left on base; London 1 - Chester 1 |
TOP OF THE 6TH |
London Majors batting - Pitching for Chester Pirates : LHP Adam Clarke
|
Batting: LHB Ron de Vos
|
0-0: Ball 1-0: Ball 2-0: Called Strike 2-1: SINGLE (Line Drive, 6MD, EV 95.0 MPH)
|
Batting: RHB Mark Noftall
|
0-0: Called Strike 0-1: Called Strike 0-2: Ball 1-2: Strikes out swinging
|
Batting: RHB Akira Kubo
|
0-0: Called Strike 0-1: Swinging Strike 0-2: Strikes out swinging
|
Batting: RHB Brandon Williams
|
0-0: Foul Ball, location: 2F 0-1: Ball 1-1: Ball 2-1: DOUBLE (Flyball, 8RXD, EV 98.8 MPH) Ron de Vos to third Runner from 3rd tries for Home, SAFE, throw by CF to home
|
Batting: RHB Carlos Murillo
|
0-0: Ball 1-0: Called Strike 1-1: Ground out 5-3 (Groundball, 56, EV 78.1 MPH)
|
Top of the 6th over - 1 run, 2 hits, 0 errors, 1 left on base; London 2 - Chester 1 |
BOTTOM OF THE 6TH |
Chester Pirates batting - Pitching for London Majors : LHP Antoine Herndon
|
Batting: RHB Hidesuke Yoshida
|
0-0: Called Strike 0-1: Swinging Strike 0-2: Foul Ball, location: 2F 0-2: Ball 1-2: Foul Ball, location: 2F 1-2: Strikes out swinging
|
Batting: RHB Ryan LeSueur
|
0-0: Ball 1-0: Ball 2-0: Ball 3-0: Base on Balls
|
Batting: RHB Erik Mulligan
|
0-0: Ball 1-0: Ball 2-0: Grounds into double play, 5-4-3 (Groundball, 5, EV 100.0 MPH)
|
Bottom of the 6th over - 0 runs, 0 hits, 0 errors, 0 left on base; London 2 - Chester 1 |
TOP OF THE 7TH |
London Majors batting - Pitching for Chester Pirates : LHP Adam Clarke
|
Batting: RHB Hanley Hernandez
|
0-0: Called Strike 0-1: Ball 1-1: Foul Ball, location: 2F 1-2: Ground out 5-3 (Groundball, 56, EV 92.5 MPH)
|
Batting: RHB Jorge Alva
|
0-0: Swinging Strike 0-1: Ball 1-1: Ground out 6-3 (Groundball, 6, EV 80.6 MPH)
|
Batting: RHB Benedikt Fleischmann
|
0-0: Called Strike 0-1: Ground out 3-1 (Groundball, 34S, EV 93.1 MPH)
|
Top of the 7th over - 0 runs, 0 hits, 0 errors, 0 left on base; London 2 - Chester 1 |
BOTTOM OF THE 7TH |
Chester Pirates batting - Pitching for London Majors : LHP Antoine Herndon
|
Batting: RHB Rafael Galicia
|
0-0: Ball 1-0: Called Strike 1-1: Foul Ball, location: 2F 1-2: Strikes out swinging
|
Batting: RHB Ricky Alvarado
|
0-0: Called Strike 0-1: Ball 1-1: Swinging Strike 1-2: Foul Ball, location: 2F 1-2: Foul Ball, location: 2F 1-2: Strikes out looking
|
Batting: RHB Hector Barajas
|
0-0: Ball 1-0: Ball 2-0: Foul Ball, location: 2F 2-1: Swinging Strike 2-2: Reached on error, E5 (Groundball, 56D, EV 105.0 MPH)
|
Pinch Hitting: RHB Jason Rhodes
|
0-0: Ball Wild Pitch! Hector Barajas to second 1-0: Swinging Strike 1-1: SINGLE (Groundball, 34D, EV 111.2 MPH) Hector Barajas to third Runner from 3rd tries for Home, SAFE, throw by RF to home
|
Batting: RHB Matt Derrien
|
0-0: Called Strike 0-1: Foul Ball, location: 2F 0-2: Ball 1-2: Ball 2-2: Strikes out swinging
|
Bottom of the 7th over - 1 run, 1 hit, 1 error, 1 left on base; London 2 - Chester 2 |
TOP OF THE 8TH |
London Majors batting - Pitching for Chester Pirates : LHP Adam Clarke
|
Pitching: RHP Tomas Cavazos
|
|
Now in LF: Jason Rhodes
|
|
Batting: LHB Nate Greening
|
0-0: Ball 1-0: Swinging Strike 1-1: Ball 2-1: Swinging Strike 2-2: Strikes out swinging
|
Batting: LHB Ron de Vos
|
0-0: Ball 1-0: Swinging Strike 1-1: Foul Ball, location: 2F 1-2: Foul Ball, location: 2F 1-2: Strikes out looking
|
Batting: RHB Mark Noftall
|
0-0: SINGLE (Line Drive, 8LS, EV 87.5 MPH)
|
Batting: RHB Akira Kubo
|
0-0: Called Strike 0-1: Ball 1-1: Ball 2-1: Ball 3-1: Base on Balls Mark Noftall to second
|
Batting: RHB Brandon Williams
|
0-0: Called Strike 0-1: Ball 1-1: Called Strike 1-2: Strikes out looking
|
Top of the 8th over - 0 runs, 1 hit, 0 errors, 2 left on base; London 2 - Chester 2 |
BOTTOM OF THE 8TH |
Chester Pirates batting - Pitching for London Majors : LHP Antoine Herndon
|
Pinch Hitting: RHB Oscar Mora
|
0-0: Called Strike 0-1: Foul Ball, location: 2F 0-2: Strikes out looking
|
Batting: RHB Hidesuke Yoshida
|
0-0: Called Strike 0-1: Ball 1-1: Swinging Strike 1-2: Strikes out swinging
|
Batting: RHB Ryan LeSueur
|
0-0: Ball 1-0: Ball 2-0: Ball 3-0: Called Strike 3-1: Foul Ball, location: 2F 3-2: Fly out, F8 (Flyball, 8RD, EV 84.4 MPH)
|
Bottom of the 8th over - 0 runs, 0 hits, 0 errors, 0 left on base; London 2 - Chester 2 |
TOP OF THE 9TH |
London Majors batting - Pitching for Chester Pirates : RHP Tomas Cavazos
|
Pitching: RHP Onne Stubbe
|
|
Now at 1B: Jiong Qi
|
|
Pinch Hitting: SHB Mike Fermin
|
0-0: Ball 1-0: Called Strike 1-1: Swinging Strike 1-2: Ball 2-2: Ground out 6-3 (Groundball, 6, EV 88.8 MPH)
|
Pinch Hitting: RHB Chad Colyer
|
0-0: Called Strike 0-1: Swinging Strike 0-2: Ball 1-2: Strikes out swinging
|
Pinch Hitting: RHB Bruce Ayotte
|
0-0: Foul Ball, location: 2F 0-1: Fly out, F8 (Flyball, 8RXD, EV 103.8 MPH)
|
Top of the 9th over - 0 runs, 0 hits, 0 errors, 0 left on base; London 2 - Chester 2 |
BOTTOM OF THE 9TH |
Chester Pirates batting - Pitching for London Majors : LHP Antoine Herndon
|
Now at 3B: Joy-shan Li
|
|
Now at SS: Mike Vaughan
|
|
Now in LF: Bruce Ayotte
|
|
Now in CF: Ron de Vos
|
|
Batting: RHB Erik Mulligan
|
0-0: Ball 1-0: Called Strike 1-1: Ball 2-1: DOUBLE (Line Drive, 7LM, EV 105.6 MPH)
|
Batting: RHB Rafael Galicia
|
0-0: Foul Ball, location: 2F 0-1: Ball 1-1: 2-RUN HOME RUN (Flyball, 9D, EV 96.9 MPH), Distance : 382 ft
|
Bottom of the 9th over - 2 runs, 2 hits, 0 errors, 0 left on base; London 2 - Chester 4 |
|